 Dungeon Crawl Stone Soup version 0.18.1-50-g88ac8fd (webtiles) character file.

37295 SardinaSW the Tortoise (level 13, -9/157 HPs)
             Began as a Minotaur Fighter on Nov 1, 2016.
             Was a High Priest of the Shining One.
             Mangled by a seven-headed hydra (10 damage)
             ... on level 1 of the Swamp.
             The game lasted 01:12:37 (18262 turns).

SardinaSW the Tortoise (Minotaur Fighter)          Turns: 18262, Time: 01:12:38

Health: -9/157     AC: 26    Str: 26    XL:     13   Next: 57%
Magic:  3/19       EV:  2    Int:  5    God:    the Shining One [*****.]
Gold:   566        SH: 22    Dex: 10    Spells: 0 memorised, 12 levels left

rFire  . . .     SeeInvis .     a - +0 flail
rCold  . . .     Gourm    .     (armour currently unavailable)
rNeg   + + +     Faith    .     c - +0 shield
rPois  +         Spirit   .     (helmet unavailable)
rElec  .         Dismiss  .     (cloak currently unavailable)
rCorr  .         Reflect  .     (gloves currently unavailable)
SustAt .         Harm     .     (boots currently unavailable)
MR     +....     NoTele   +     (no amulet)
Stlth  +.........               I - ring of protection from magic
                                Q - ring of poison resistance

@: divine shield, tree-form, glowing, somewhat resistant to hostile
enchantments, very unstealthy
A: (retaliatory headbutt), (horns 0), (iridescent scales 0), frail 1, no device
heal 1
a: Divine Shield, Cleansing Flame, Summon Divine Warrior, Renounce Religion


You were on level 1 of the Swamp.
You worshipped the Shining One.
The Shining One was extremely pleased with you.
You were not hungry.
You were a tree.
You visited 4 branches of the dungeon, and saw 16 of its levels.
You also visited: Ossuary.

You collected 946 gold pieces.
You spent 380 gold pieces at shops.

Inventory:

Hand Weapons
 a - a +0 flail (weapon)
Armour
 c - a +0 shield (worn)
 m - a +0 pair of boots (melded)
 u - a +0 pair of gloves (melded)
 w - the +15 Maxwell's patent armour (melded) {-Cast -Tele rElec MR+ rCorr}
   (You found it on level 4 of the Dungeon)

   It insulates you from electricity.
   It affects your resistance to hostile enchantments.
   It prevents spellcasting.
   It prevents most forms of teleportation.
   It protects you from acid and corrosion.
 C - a +0 cloak (melded)
Jewellery
 I - a ring of protection from magic (right branch)
 Q - a ring of poison resistance (left branch)
 S - an uncursed ring of resist corrosion
Wands
 y - a wand of teleportation (6/9)
 D - a wand of lightning (5/15)
 H - a wand of paralysis (12/24)
 K - a wand of flame (26/48)
 U - a wand of teleportation (5/9)
Scrolls
 d - a scroll of torment {unknown}
 e - 5 scrolls of magic mapping {unknown}
 j - 3 scrolls of noise {unknown}
 l - 2 scrolls of fog {unknown}
 n - 3 scrolls of recharging {unknown}
 p - 5 scrolls of remove curse
 r - 5 scrolls of blinking {unknown}
 v - a scroll of enchant weapon {unknown}
 z - 3 scrolls of amnesia {unknown}
 L - a scroll of acquirement {unknown}
 M - 4 scrolls of teleportation
 O - a scroll of enchant armour {unknown}
Potions
 b - 2 potions of mutation
 i - 2 potions of lignification
 k - 4 potions of brilliance
 s - a potion of might
 E - 2 potions of flight {unknown}
 J - 3 potions of agility
 N - a potion of resistance {unknown}
 T - a potion of haste {unknown}
Miscellaneous
 t - a plain deck of summoning {the Illusion}
Comestibles
 f - 9 bread rations
 o - 4 slices of pizza
 q - 10 fruits
 x - 3 beef jerkies
 A - a meat ration
 P - a royal jelly


   Skills:
 + Level 11.9 Fighting
 - Level 14.5 Maces & Flails
 + Level 15.5 Armour
 + Level 9.2 Shields
 - Level 9.5 Invocations


You had 12 spell levels left.
You didn't know any spells.

Dungeon Overview and Level Annotations

Branches:
Dungeon (8/15)             Temple (1/1) D:4            Lair (6/8) D:8
  Swamp (1/4) Lair:3       Spider (0/4) Lair:6
  Slime: Lair:6-8

Altars:
Ashenzari
Cheibriados
Elyvilon
Fedhas
Gozag
Kikubaaqudgha
Makhleb
Nemelex Xobeh
Okawaru
Pakellas
Qazlal
Ru
Trog
Xom
Yredelemnul
Zin
The Shining One

Shops:
D:4 *%   D:7 :   D:8 *


Innate Abilities, Weirdness & Mutations

((You reflexively headbutt those who attack you in melee.))
((You have a pair of large horns on your head.))
((You are partially covered in iridescent scales (AC +4).))
You are frail (-10% HP).
Potions and wands are less effective at restoring your health.


Message History

The seven-headed hydra writhes in agony!
The seven-headed hydra is moderately wounded.
The golden flame engulfs the five-headed hydra.
The five-headed hydra writhes in agony!
The five-headed hydra is heavily wounded.
The golden flame engulfs the vampire mosquito.
The vampire mosquito writhes in agony!
You destroy the vampire mosquito!
The Shining One accepts your kill. The golden flame engulfs your angel.
Your angel appears unharmed.
You feel somewhat more hungry.
The brown ugly thing gurgles horribly!
You hear a horrible gurgling sound!
You block the seven-headed hydra's attack. x3
The seven-headed hydra bites you but does no damage.
The seven-headed hydra bites you.
* * * LOW HITPOINT WARNING * * *
The seven-headed hydra bites you but does no damage.
The seven-headed hydra bites you!
You die...

.≈≈≈ ..).≈§≈
♣♣.≈≈.≈≈≈uu≈≈
♣......≈≈.≈..
♣.≈≈.♣..u≈≈§≈
♣.≈≈.≈≈≈≈♣≈§≈
♣♣≈≈≈.≈≈≈≈....
♣.≈≈≈...u.♣♣ ≈≈
♣...D††≈≈..♣ ≈≈.
♣.♣♣.♣D..♣§.♣♣≈≈.
♣♣♣A≈≈≈≈≈...♣.
♣♣≈.≈≈.≈≈♣≈.
♣♣..≈...≈≈.
♣♣.≈≈≈....
♣.≈≈♣≈≈♣≈≈
♣.≈≈≈≈≈♣≈≈....
♣......≈≈≈≈≈.≈
♣.≈≈≈.≈≈≈≈≈≈.≈


You could see a seven-headed hydra, a five-headed hydra, 4 ugly things and a
friendly angel.

Vanquished Creatures
  Gastronok (Lair:2)
  Frances (Swamp:1)
  Erolcha (D:8)
  6 hydras
  A queen ant (Lair:5)
  Urug (Lair:2)
  A swamp dragon (Swamp:1)
  Pikel (D:8)
  7 oklob plants
  3 black mambas
  Joseph (D:8)
  Psyche (D:8)
  9 spiny frogs
  5 rime drakes
  6 komodo dragons
  A polar bear (Lair:5)
  A bog body (Swamp:1)
  2 jumping spiders (Lair:6)
  12 blink frogs
  6 redbacks (Lair:6)
  21 yaks
  4 vampire mosquitoes (Swamp:1)
  2 basilisks
  A hungry ghost (D:7)
  8 hippogriffs
  3 wargs
  Edmund (D:5)
  7 soldier ants (Lair:5)
  5 water moccasins
  7 porcupines
  Duvessa (D:5)
  A slave (D:8)
  An ice beast (D:5)
  A swamp drake (Swamp:1)
  A wasp (D:8)
  3 ogres
  5 necrophages (Lair:3)
  A sky beast (D:5)
  A phantom (D:8)
  2 centaurs
  6 crocodiles
  4 big kobolds
  12 giant frogs
  3 elf zombies (Ossuary)
  A gnoll sergeant (D:7)
  Dowan (D:5)
  4 scorpions
  An electric eel (Lair:4)
  3 crimson imps
  A giant frog zombie (D:5)
  A human zombie (Ossuary)
  A centaur zombie (Ossuary)
  2 hounds
  A jelly (D:8)
  8 orc priests
  A centaur skeleton (D:5)
  A giant frog skeleton (D:8)
  8 iguanas
  24 worker ants
  6 orc wizards
  6 sheep
  A killer bee zombie (D:7)
  2 mummies (Ossuary)
  2 hound skeletons
  7 gnolls
  4 adders
  54 river rats
  A shadow imp (D:5)
  4 adder zombies
  2 oozes (D:1)
  3 worms
  A dart slug (D:2)
  8 giant geckos
  30 orcs
  8 giant cockroaches
  5 hobgoblins
  27 jackals
  19 kobolds
  5 quokkas
  A ball python (D:1)
  8 bats
  A giant gecko zombie (D:6)
  4 giant newts
  7 goblins
  A goblin zombie (Ossuary)
  9 hobgoblin zombies (Ossuary)
  A jackal zombie (D:5)
  8 kobold zombies (Ossuary)
  10 orc zombies (Ossuary)
  6 rats
  A rat zombie (Ossuary)
  A bush (Lair:4)
  4 plants
483 creatures vanquished.

Vanquished Creatures (collateral kills)
  A spiny frog (Swamp:1)
1 creature vanquished.

Vanquished Creatures (others)
  A goblin (D:8)
  A fungus (Lair:4)
  12 plants (Lair:1)
14 creatures vanquished.

Grand Total: 498 creatures vanquished

Notes
Turn   | Place    | Note
--------------------------------------------------------------
     0 | D:1      | SardinaSW the Minotaur Fighter began the quest for the Orb.
     0 | D:1      | Reached XP level 1. HP: 19/19 MP: 0/0
   175 | D:1      | Reached XP level 2. HP: 27/27 MP: 1/1
   473 | D:1      | Reached XP level 3. HP: 27/33 MP: 2/2
   991 | D:2      | Found a shimmering altar of Xom.
   991 | D:2      | Found a snail-covered altar of Cheibriados.
  1031 | D:2      | Found an ancient bone altar of Kikubaaqudgha.
  1264 | D:2      | Found a faded altar to an unknown god.
  1428 | D:3      | Reached XP level 4. HP: 40/41 MP: 3/3
  1520 | D:3      | Found a sacrificial altar of Ru.
  2154 | D:3      | Reached skill level 5 in Fighting
  2179 | D:3      | Found a sparkling altar of Nemelex Xobeh.
  2402 | D:3      | Reached XP level 5. HP: 42/48 MP: 4/4
  2467 | D:3      | Found a blossoming altar of Fedhas.
  2623 | D:3      | Found a burning altar of Makhleb.
  2636 | D:3      | Reached skill level 5 in Maces & Flails
  2732 | D:4      | Found Careytz's General Store.
  2742 | D:4      | Bought a scroll of teleportation for 42 gold pieces
  2755 | D:4      | Noticed an ogre
  2761 | D:4      | Killed an ogre
  2845 | D:4      | Reached XP level 6. HP: 57/57 MP: 5/5
  2924 | D:4      | Found Elestring's Food Shoppe.
  3159 | D:4      | Found a glowing silver altar of Zin.
  3217 | D:4      | Reached skill level 4 in Armour
  3519 | D:4      | Found a staircase to the Ecumenical Temple.
  3527 | Temple   | Entered the Ecumenical Temple
  3602 | Temple   | Became a worshipper of the Shining One
  3889 | D:5      | Entered Level 5 of the Dungeon
  3900 | D:5      | Reached XP level 7. HP: 61/64 MP: 6/6
  3979 | D:5      | Noticed Dowan
  3981 | D:5      | Noticed Duvessa
  3998 | D:5      | Killed Duvessa
  3998 | D:5      | Reached skill level 5 in Armour
  3999 | D:5      | Killed Dowan
  4027 | D:5      | Found a sand-covered staircase.
  4034 | Ossuary  | Entered an ossuary
  4056 | Ossuary  | Reached * piety under the Shining One
  4093 | Ossuary  | Reached ** piety under the Shining One
  4198 | Ossuary  | Reached *** piety under the Shining One
  4217 | Ossuary  | Reached skill level 6 in Armour
  4217 | Ossuary  | Reached XP level 8. HP: 41/74 MP: 7/7
  4612 | D:5      | Gained mutation: You have a pair of large horns on your head. [mutagenic meat]
  4631 | D:5      | Found an oddly glowing altar of Pakellas.
  4635 | D:5      | Noticed Edmund
  4661 | D:5      | Killed Edmund
  4699 | D:5      | Found an oddly glowing altar of Pakellas.
  4699 | D:5      | Noticed an eight-headed hydra
  4906 | D:5      | Reached skill level 7 in Armour
  5350 | D:6      | Lost intelligence.
  5430 | D:6      | Reached **** piety under the Shining One
  5676 | D:6      | Reached XP level 9. HP: 82/83 MP: 8/8
  5678 | D:6      | Reached skill level 8 in Armour
  6091 | D:6      | Found a stormy altar of Qazlal.
  6228 | D:7      | Found a bloodstained altar of Trog.
  6229 | D:7      | Found a basalt altar of Yredelemnul.
  6286 | D:7      | Found Pookhomauxt's Book Emporium.
  6358 | D:7      | Got a fine hand axe
  7591 | D:8      | Reached skill level 10 in Maces & Flails
  7687 | D:8      | Reached skill level 9 in Armour
  7689 | D:8      | Reached skill level 5 in Shields
  7729 | D:8      | Found a staircase to the Lair.
  7768 | D:8      | Noticed Psyche
  7787 | D:8      | Killed Psyche
  8243 | D:8      | Noticed Joseph
  8257 | D:8      | Killed Joseph
  8257 | D:8      | Reached XP level 10. HP: 86/91 MP: 9/9
  8275 | D:8      | Reached skill level 10 in Armour
  8330 | D:8      | Noticed Erolcha
  8346 | D:8      | Killed Erolcha
  8401 | D:8      | Found an opulent altar of Gozag.
  8468 | D:8      | Noticed Pikel
  8482 | D:8      | Killed Pikel
  8755 | D:8      | Found Firaes's Assorted Antiques.
  8768 | D:8      | Bought a scroll of identify for 52 gold pieces
  8768 | D:8      | Bought a scroll of teleportation for 78 gold pieces
  8768 | D:8      | Bought a sapphire ring for 130 gold pieces
  8768 | D:8      | Bought a scroll of teleportation for 78 gold pieces
  9024 | Lair:1   | Entered Level 1 of the Lair of Beasts
  9061 | Lair:1   | Noticed a spiny frog
  9061 | Lair:1   | Reached ***** piety under the Shining One
  9075 | Lair:1   | Killed a spiny frog
  9078 | Lair:1   | Reached skill level 11 in Armour
  9415 | Lair:1   | Reached skill level 1 in Invocations
  9835 | Lair:1   | Reached XP level 11. HP: 87/97 MP: 11/11
  9977 | Lair:1   | Noticed an oklob plant
  9993 | Lair:1   | Killed an oklob plant
  9995 | Lair:1   | Noticed an oklob plant
 10289 | Lair:1   | Killed an oklob plant
 10301 | Lair:1   | Noticed an oklob plant
 10322 | Lair:1   | Killed an oklob plant
 10332 | Lair:1   | Noticed an oklob plant
 10332 | Lair:1   | Noticed an oklob plant
 10417 | Lair:1   | Killed an oklob plant
 10417 | Lair:1   | Reached skill level 12 in Armour
 10478 | Lair:1   | Killed an oklob plant
 10593 | Lair:1   | Noticed an oklob plant
 10611 | Lair:1   | Killed an oklob plant
 11069 | Lair:2   | Noticed Urug
 11128 | Lair:2   | Killed Urug
 11128 | Lair:2   | Reached skill level 5 in Invocations
 11630 | Lair:2   | Noticed Gastronok
 11649 | Lair:2   | Killed Gastronok
 11649 | Lair:2   | Reached skill level 13 in Armour
 11649 | Lair:2   | Reached XP level 12. HP: 85/105 MP: 12/15
 12056 | Lair:2   | Noticed a five-headed hydra
 12064 | Lair:2   | Killed a five-headed hydra
 12120 | Lair:3   | Found a staircase to the Swamp.
 12245 | Lair:3   | Noticed a seven-headed hydra
 12253 | Lair:3   | Killed a seven-headed hydra
 13404 | Lair:4   | Noticed a seven-headed hydra
 13411 | Lair:4   | Killed a seven-headed hydra
 13552 | Lair:4   | Reached skill level 14 in Armour
 14192 | Lair:4   | Reached skill level 10 in Fighting
 14848 | Lair:5   | Noticed a five-headed hydra
 14856 | Lair:5   | Killed a five-headed hydra
 15213 | Lair:5   | Reached XP level 13. HP: 114/114 MP: 18/18
 16084 | Lair:6   | Found a hole to the Spider Nest.
 16471 | Lair:6   | Reached skill level 15 in Armour
 16955 | Lair:6   | Gained mutation: You are partially covered in iridescent scales (AC +4). [potion of mutation]
 16955 | Lair:6   | Gained mutation: You are frail (-10% HP). [potion of mutation]
 16955 | Lair:6   | Gained mutation: Potions and wands are less effective at restoring your health. [potion of mutation]
 17758 | Swamp:1  | Entered Level 1 of the Swamp
 17990 | Swamp:1  | Noticed Frances
 18014 | Swamp:1  | Killed Frances
 18261 | Swamp:1  | HP: 6/157 [five-headed hydra (5)]
 18262 | Swamp:1  | HP: 1/157 [seven-headed hydra (5)]
 18262 | Swamp:1  | Mangled by a seven-headed hydra

Skill      XL: |  1  2  3  4  5  6  7  8  9 10 11 12 13 |
---------------+----------------------------------------+-----
Fighting       | 4 5 6 7 9 10 11 | 11.9
Maces & Flails | 3 4 5 6 7 9 10 12 13 14 | 14.5
Armour         | 4 6 7 9 11 13 14 15 | 15.5
Shields        | 6 8 9 |  9.2
Invocations    | 1 5 8 9 |  9.5

Action                   |  1- 3 |  4- 6 |  7- 9 | 10-12 | 13-15 || total
-------------------------+-------+-------+-------+-------+-------++-------
Melee: Flail             |    93 |   152 |   343 |   709 |   303 ||  1600
       Headbutt          |    15 |    27 |    68 |   189 |    68 ||   367
Invok: Divine Shield     |       |       |       |     2 |     1 ||     3
       Cleansing Flame   |       |       |       |       |     1 ||     1
       Summon Divine War |       |       |       |       |     1 ||     1
Evoke: Wand              |       |       |     1 |       |       ||     1
  Use: Scroll            |       |     1 |     6 |     5 |     1 ||    13
       Potion            |       |       |     9 |     1 |     8 ||    18
  Eat: Chunk             |     2 |     8 |     7 |    14 |     6 ||    37
       Bread ration      |       |       |     2 |     2 |     1 ||     5
Armor: Scale mail        |    61 |    14 |       |       |       ||    75
       Chain mail        |       |    39 |   162 |       |       ||   201
       Skin              |       |       |    15 |       |    68 ||    83
       Plate armour      |       |       |     9 |   391 |   212 ||   612
Dodge: Dodged            |    30 |    24 |    57 |   115 |    84 ||   310
Block: Shield            |    50 |    59 |   175 |   304 |   229 ||   817
